 Dungeon Crawl Stone Soup version 0.24.0-13-gcf9b319 (webtiles) character file.

Game seed: 12336433346880147386, levelgen mode: deterministic

325 Bronimir the Firebug (level 6, -1/57 HPs)
             Began as an Octopode Fire Elementalist on Apr 19, 2020.
             Slain by Grinder (4 damage)
             ... on level 3 of the Dungeon.
             The game lasted 00:15:36 (6236 turns).

Bronimir the Firebug (Octopode Fire Elementalist)   Turns: 6236, Time: 00:15:37

Health: -1/57      AC:  1    Str: 12    XL:     6   Next: 48%
Magic:  10/10      EV: 14    Int: 19    God:
Gold:   155        SH:  0    Dex: 13    Spells: 1/11 levels left

rFire    . . .     SeeInvis .   a - +0 hand axe (vamp)
rCold    + . .     Gourm    .   (no shield)
rNeg     . . .     Faith    .   (helmet restricted)
rPois    .         Spirit   .   (no amulet)
rElec    .         Reflect  .   c - ring of protection from cold
rCorr    .         Harm     .   (no ring)
MR       .....                  (no ring)
Stlth    ..........             (no ring)
HPRegen  0.19/turn              (no ring)
MPRegen  0.12/turn              (no ring)
                                (no ring)
                                (no ring)

@: berserking, very quick
A: almost no armour, stealthy swim, amphibious, 8 rings, constrict 8, camouflage
1, gelatinous body 1
a: no special abilities


You were on level 3 of the Dungeon.
You were not hungry.

You visited 1 branch of the dungeon, and saw 5 of its levels.

You collected 155 gold pieces.

Inventory:

Hand Weapons
 a - a +0 vampiric hand axe (weapon)
 b - a +0 hunting sling
 j - a +0 club
 t - a +0 hand axe
Missiles
 e - 103 stones (quivered)
 f - 43 arrows
 s - 18 sling bullets
Jewellery
 c - a ring of protection from cold (left tentacle)
 p - a cursed ring of teleportation {unknown}
 q - an uncursed ring of stealth {unknown}
 r - a +3 ring of protection {unknown}
Scrolls
 m - a scroll of remove curse
Potions
 d - a potion of brilliance {unknown}
 g - a potion of agility {unknown}
 i - a potion of curing
 n - 2 potions of flight
Comestibles
 o - 3 rations
 u - 3 chunks of flesh


   Skills:
 * Level 1.0 Fighting
 + Level 0.5 Axes
 + Level 1.9 Slings
 * Level 3.2 Dodging
 - Level 2.6 Stealth
 * Level 3.1 Spellcasting
 * Level 2.4 Conjurations
 * Level 4.5 Fire Magic


You had one spell level left.
You knew the following spells:

 Your Spells              Type           Power        Failure   Level  Hunger
a - Flame Tongue          Conj/Fire      ###..        3%          1    None
b - Throw Flame           Conj/Fire      ###...       5%          2    ##.....
c - Conjure Flame         Conj/Fire      ###.....     11%         3    ###....
d - Sticky Flame          Conj/Fire      ###.....     34%         4    ####...

Your spell library contained the following spells:

 Spells                   Type           Power        Failure   Level  Hunger
 Inner Flame              Hex/Fire       ##......     19%         3    ###....
 Fireball                 Conj/Fire      ###.......   69%         5    ######.


Dungeon Overview and Level Annotations

Branches:
Dungeon (5/15)
 Temple: D:4-7

Altars:
The Shining One

Annotations:
D:3 Grinder


Innate Abilities, Weirdness & Mutations

You cannot wear most types of armour.
You are very stealthy in the water. (Stealth+)
You are amphibious.
You can wear up to eight rings at the same time.
You can use your tentacles to constrict eight enemies at once.
Your skin changes colour to match your surroundings (Stealth+).
Your rubbery body absorbs attacks. (AC +1, EV +1)


Message History

Level annotation: Grinder
There is a stone staircase leading down here.
Things that are here:
a +0 robe; a +0 dagger; an orc skeleton
As you read the scroll labeled JIAFFI ZIYKUV, it crumbles to dust.
The creatures around you are filled with an inner flame!
It was a scroll of immolation.
Grinder hits you!
* * * LOW HITPOINT WARNING * * *
You writhe in agony.
* * * LOW HITPOINT WARNING * * *
You feel better.
Grinder blinks!
As you read the scroll labeled XEVVUI PONKEU, it crumbles to dust.
It is a scroll of identify.
n - 2 potions of flight It was a potion of berserk rage.
A red film seems to cover your vision as you go berserk!
You feel yourself moving faster!
You feel mighty! Grinder hits you!
* * * LOW HITPOINT WARNING * * *
You writhe in agony.
You die...

###..# ######.# ##..#
#......##### ##...##
#.###.......
##.>...########.#
#.######
#...)...........###.####
##.......#.............#
##...##.#.###..###.##.#
##.###.#5##.#.###.##.#
####..@.#.###.##.##.###
#..##[## ##...#.....
#..###>###.####.###.
#..# ##.#.......# #.
#..# ##.##.###.###. #..#
####.# #.....
#..########.# ###..#
#.........#.# #..#
#.#######.#.# #.)#


You could see Grinder (inner flame).

Vanquished Creatures
  A crimson imp (D:4)
  An orc priest (D:3)
  An iguana (D:4)
  2 orc wizards
  5 adders
  2 gnolls (D:5)
  2 oozes
  8 worms
  6 leopard geckos
  6 orcs
  7 bats
  4 giant cockroaches (D:1)
  10 goblins
  5 hobgoblins
  5 jackals
  3 kobolds
  A quokka (D:3)
  A ball python (D:1)
  2 goblin skeletons (D:4)
  A goblin zombie (D:4)
  2 hobgoblin zombies (D:4)
  A kobold skeleton (D:4)
  An orc zombie (D:4)
  7 rats
84 creatures vanquished.

Notes
Turn   | Place    | Note
-------+----------+-------------------------------------------
     0 | D:1      | Bronimir the Octopode Fire Elementalist began the quest for
                  | the Orb.
     0 | D:1      | Reached XP level 1. HP: 11/11 MP: 3/3
   594 | D:1      | Reached XP level 2. HP: 17/17 MP: 3/5
  1016 | D:1      | Reached XP level 3. HP: 21/21 MP: 4/6
  1020 | D:1      | Learned a level 2 spell: Throw Flame
  1024 | D:1      | Learned a level 3 spell: Conjure Flame
  2462 | D:2      | Reached XP level 4. HP: 27/27 MP: 1/7
  3613 | D:3      | Reached skill level 4 in Fire Magic
  3644 | D:3      | Noticed Grinder
  3661 | D:3      | Reached XP level 5. HP: 17/31 MP: 1/9
  5033 | D:4      | Found a glowing golden altar of the Shining One.
  5118 | D:4      | Reached skill level 1 in Slings
  5512 | D:5      | Entered Level 5 of the Dungeon
  5714 | D:5      | Reached XP level 6. HP: 35/37 MP: 6/10
  6133 | D:4      | Learned a level 4 spell: Sticky Flame
  6181 | D:3      | Reached skill level 1 in Fighting
  6236 | D:3      | Slain by Grinder

Levels and vault maps discovered:
D:1:      minmay_arrival_five_plusses, layout_basic
D:2:      layout_rooms, minmay_vboxes
D:3:      layout_loops_ring, uniq_terence, uniq_grinder
D:4:      layout_gridville, bloody_trog, nicolae_tso_besieged_by_evil,
          serial_shops, nicolae_shop_window_shopping
D:5:      corexii_shack_village, layout_gridville,
          minmay_temple_entry_proselytizer, first_ration, uniq_pikel

Skill      XL: |  1  2  3  4  5  6 |
---------------+-------------------+-----
Fire Magic     | 4 |  4.5
Conjurations   | 2 |  2.4
Dodging        | 3 |  3.2
Spellcasting   | 3 |  3.1
Slings         | 1 |  1.9
Fighting       | 1 |  1.0
Axes           | |  0.5
Stealth        | |  2.6

Action                   |  1- 3 |  4- 6 || total
-------------------------+-------+-------++-------
Melee: Unarmed           |     6 |       ||     6
       Constrict         |     3 |     8 ||    11
       Hand axe          |     6 |    13 ||    19
       Club              |     2 |     6 ||     8
       Tentacles         |     1 |     4 ||     5
 Fire: Hunting sling     |       |   157 ||   157
 Cast: Flame Tongue      |    76 |    91 ||   167
       Throw Flame       |     1 |       ||     1
  Use: Scroll            |       |     7 ||     7
       Potion            |       |     3 ||     3
  Eat: Chunk             |     2 |     8 ||    10
       Ration            |     1 |     1 ||     2
Armor: Skin              |    11 |     4 ||    15
Dodge: Dodged            |    67 |    80 ||   147
